 Dungeon Crawl Stone Soup version 0.31-a0-177-g4aa6249778 (webtiles) character file.

Game seed: 9031027589026297364

60 qw the Chopper (level 4, -3/28 HPs)
             Began as a Gargoyle Fighter on June 18, 2023.
             Slain by a gnoll
             ... wielding a +0 halberd of protection
              (6 damage)
             ... on level 2 of the Dungeon.
             The game lasted 00:00:49 (1356 turns).

qw the Chopper (Gargoyle Fighter)                   Turns: 1356, Time: 00:00:50

Health: -3/28      AC: 11    Str: 21    XL:     4   Next: 4%
Magic:  4/4        EV:  9    Int:  9    God:
Gold:   29         SH:  4    Dex:  9    Spells: 3/3 levels left

rFire   . . .        Y - +0 war axe
rCold   + . .        c - +0 buckler
rNeg    + . .        b - +0 scale mail
rPois   inf          (no helmet)
rElec   +            (no cloak)
rCorr   .            (no gloves)
SInv    .            h - +0 pair of boots
Will    .....        (no amulet) Stlth
                     i - ring of protection from cold
HPRegen 0.24/turn    (no ring)
MPRegen 0.09/turn

%: no passive effects
@: no status effects
A: sickness immunity, AC +3, negative energy resistance 1, electricity
resistance, torment resistance 1, petrification resistance
a: no special abilities


You were on level 2 of the Dungeon.
You visited 1 branch of the dungeon, and saw 2 of its levels.

You collected 29 gold pieces.


Innate Abilities, Weirdness & Mutations

You are immune to sickness and miasma.
Your stone body is resilient. (AC +3)
You are immune to poison.
You resist negative energy. (rN+)
You are resistant to electric shocks. (rElec)
You are resistant to unholy torment.
You are immune to petrification.


   Skills:
 - Level 3.2 Fighting
 + Level 3.8 Axes
 - Level 3.2 Armour
 - Level 3.2 Shields


You had 3 spell levels left.
You didn't know any spells.
Your spell library was empty.

Inventory:

Hand Weapons
 e - a +0 mace
 Y - a +0 war axe (weapon)
Armour
 b - a +0 scale mail (worn)
 c - a +0 buckler (worn)
 h - a +0 pair of boots (worn)
Jewellery
 i - a ring of protection from cold (left hand)
Scrolls
 a - a scroll of teleportation {unknown}
 g - 2 scrolls of identify {unknown}
 k - a scroll of enchant weapon {unknown}
Potions
 d - a potion of might
 f - a potion of ambrosia {unknown}
 j - 2 potions of curing {unknown}

Dungeon Overview and Level Annotations

Branches:
Dungeon (2/15)

Altars:


Message History

Enter note:
Enter note:
Enter note: The gnoll shouts!
Enter note:
Enter note:
Enter note:
Enter note: A gnoll comes into view.
It is wielding a +0 halberd of protection.
The gnoll shouts!
Enter note:
Enter note:
Enter note:
Enter note: The hobgoblin barely misses you.
You hit the hobgoblin.
The hobgoblin is moderately wounded.
The gnoll hits you from afar with a +0 spear.
The hobgoblin hits you.
A gnoll comes into view. It is wielding a +0 spear.
You hit the hobgoblin but do no damage.
The hobgoblin is moderately wounded.
The gnoll barely misses you.
The hobgoblin hits you but does no damage.
You closely miss the hobgoblin.
The hobgoblin is moderately wounded.
The hobgoblin barely misses you. The gnoll barely misses you.
You block the hobgoblin's attack.
You closely miss the hobgoblin.
The hobgoblin is moderately wounded.
The hobgoblin barely misses you.
The gnoll hits you from afar with a +0 halberd of protection!
You closely miss the hobgoblin.
The hobgoblin is moderately wounded.
The hobgoblin barely misses you.
The gnoll hits you from afar with a +0 spear.
The gnoll hits you from afar with a +0 halberd of protection.
The gnoll hits you but does no damage.
The gnoll hits you from afar with a +0 halberd of protection.
You die...

##.....## #.......#
######.......#
#....#.......#
#....##......#
#####....#.......###
....).....).%......##
##..#...............##
...##...........@g...#
#####................#
######.........ggg...#
...#.................#
.....................#
....................(#
....................##
.............#.....##
.....<......#


You could see 3 gnolls and a hobgoblin.

Vanquished Creatures
  An adder (D:2)
  A dart slug (D:1)
  5 endoplasms
  A giant cockroach (D:1)
  6 goblins
  4 hobgoblins
  3 kobolds
  4 quokkas
  8 ball pythons
  5 bats
  5 rats
43 creatures vanquished.

Notes
Turn   | Place    | Note
-------+----------+-------------------------------------------
     0 | D:1      | qw the Gargoyle Fighter began the quest for the Orb.
     0 | D:1      | Reached XP level 1. HP: 14/14 MP: 1/1
     0 | D:1      | 0 ||| qw: Version: 0.3-a-5-g6f28e65
     0 | D:1      | 0 ||| qw: Game counter: 657
     0 | D:1      | 0 ||| qw: Always use a shield: true
     0 | D:1      | 0 ||| qw: God list: Okawaru
     0 | D:1      | 0 ||| qw: Allow faded altars: false
     0 | D:1      | 0 ||| qw: Do Orc after D:15 true
     0 | D:1      | 0 ||| qw: Do second Lair branch before Depths: true
     0 | D:1      | 0 ||| qw: Lair rune preference: random
     0 | D:1      | 0 ||| qw: Plans: Normal, Zot:1-4, Slime:5, God:TSO, Crypt,
                  | Tomb, Abyss, Pan, Hells, Win
     0 | D:1      | 0 ||| PLANNING D:1-11
    66 | D:1      | 66 ||| Stepping ~*~*~tactically~*~*~ (hiding).
   194 | D:1      | 194 ||| READING scroll labelled MENUOPPEIWOS.
   205 | D:1      | Reached XP level 2. HP: 19/19 MP: 2/2
   395 | D:1      | 395 ||| DROPPING +0 club.
   425 | D:1      | Reached skill level 3 in Axes
   459 | D:1      | Reached XP level 3. HP: 23/23 MP: 3/3
  1076 | D:1      | 1076 ||| UPGRADING to +0 pair of boots.
  1081 | D:1      | 1081 ||| UPGRADING to ring of protection from cold.
  1082 | D:1      | 1082 ||| READING scroll labelled HUOBRE PAGAU.
  1083 | D:1      | 1083 ||| READING scroll labelled IQIOCO ZYIPP.
  1168 | D:2      | 1168 ||| Stepping ~*~*~tactically~*~*~ (stealth).
  1169 | D:2      | 1169 ||| Stepping ~*~*~tactically~*~*~ (stealth).
  1281 | D:2      | 1281 ||| Stepping ~*~*~tactically~*~*~ (hiding).
  1314 | D:2      | 1314 ||| Stepping ~*~*~tactically~*~*~ (stealth).
  1322 | D:2      | Reached XP level 4. HP: 28/28 MP: 4/4
  1356 | D:2      | HP: 3/28 [gnoll/+0 halberd of protection (6)]
  1356 | D:2      | Slain by a gnoll

Levels and vault maps discovered:
D:1:      minmay_arrival_shattered_statue, layout_basic, serial_forest,
          infiniplex_forest_zigzag_2, infiniplex_forest_clump_tiny,
          infiniplex_forest_clump_small, infiniplex_forest_side_room,
          infiniplex_forest_clump_medium, infiniplex_forest_lined_3_way,
          infiniplex_forest_diagonal, infiniplex_forest_lined_2,
          minmay_strange_pillars, minmay_pentomino_v4
D:2:      layout_rooms

Skill      XL: |  1  2 |
---------------+-------+-----
Axes           | 2 3 |  3.8
Fighting       | |  3.2
Armour         | |  3.2
Shields        | |  3.2

Action                     |  1- 3 |  4- 6 || total
---------------------------+-------+-------++-------
  Melee: War axe           |   120 |    16 ||   136
    Use: Scroll            |     3 |       ||     3
 Armour: Scale mail        |    63 |     6 ||    69
  Dodge: Dodged            |    64 |    12 ||    76
  Block: Buckler           |    22 |     3 ||    25

Table legend:
 A = Non-vault XP
 B = Vault XP
 C = Vault XP percentage of total XP
 D = Non-vault monster count
 E = Vault monster count
 F = Vault count percentage of total count
                 A         B        C        D         E       F
            +---------+---------+-------+---------+---------+-------
      Total |      83 |       3 |   3.5 |      41 |       2 |   4.7
            +---------+---------+-------+---------+---------+-------
        D:1 |      42 |       3 |   6.7 |      24 |       2 |   7.7
        D:2 |      41 |       0 |   0.0 |      17 |       0 |   0.0
            +---------+---------+-------+---------+---------+-------
